 Dungeon Crawl Stone Soup version 0.27-a0-95-g5a9077b8ae (webtiles) character file.

Game seed: 12910954115233549749

67 knot the Chopper (level 4, 35/35 HPs)
             Began as a Demonspawn Berserker on Jan 19, 2021.
             Was a Believer of Trog.
             Quit the game on level 2 of the Dungeon.
             The game lasted 00:01:50 (1952 turns).

knot the Chopper (Demonspawn Berserker)             Turns: 1952, Time: 00:01:51

Health: 35/35      AC:  6    Str: 18    XL:     4   Next: 0%
Magic:  4/4        EV: 14    Int:  9    God:    Trog [**....]
Gold:   103        SH:  0    Dex: 12    Spells: 3/3 levels left

rFire    . . .     SeeInvis .   a - +0 hand axe
rCold    . . .     Faith    .   (no shield)
rNeg     . . .     Spirit   .   b - +0 animal skin
rPois    .         Reflect  .   (no helmet)
rElec    .         Harm     .   (no cloak)
rCorr    .         Rampage  .   k - +2 pair of gloves
Will     .....                  j - +0 pair of boots
Stlth    +.........             (no amulet)
HPRegen  0.11/turn              (no ring)
MPRegen  0.09/turn              (no ring)

@: no status effects
A: repulsion field 1, powered by death 1
a: Renounce Religion, Berserk, Trog's Hand


You were on level 2 of the Dungeon.
You worshipped Trog.
Trog was pleased with you.
You visited 1 branch of the dungeon, and saw 2 of its levels.

You collected 103 gold pieces.

Inventory:

Hand Weapons
 a - a +0 hand axe (weapon)
Missiles
 f - 54 stones
 g - 42 sling bullets
 i - 29 poisoned darts (quivered)
 n - 7 boomerangs
Armour
 b - a +0 animal skin (worn)
 j - a +0 pair of boots (worn)
 k - a +2 pair of gloves (worn)
Scrolls
 c - a scroll of enchant armour {unknown}
 d - a scroll of amnesia {unknown}
 h - 2 scrolls of identify {unknown}
 o - a scroll of remove curse {unknown}
 p - a scroll of teleportation {unknown}
 r - a scroll of magic mapping {unknown}
Potions
 e - a potion of flight {unknown}
 l - a potion of heal wounds {unknown}
 m - a potion of ambrosia {unknown}
 q - a potion of curing {unknown}


   Skills:
 - Level 3.0 Fighting
 * Level 4.2 Axes
 * Level 1.2 Throwing
 - Level 1.7 Armour
 - Level 1.7 Dodging


You had 3 spell levels left.
You didn't know any spells.
Your spell library was empty.

Dungeon Overview and Level Annotations

Branches:
Dungeon (2/15)

Altars:


Innate Abilities, Weirdness & Mutations

You are surrounded by a mild repulsion field. (EV +2)
You regenerate a little health from kills.


Message History

You feel yourself speed up.
You start resting.
You recover from your berserk rage.
You start resting.
HP restored.
r - a scroll labelled EBBIAL EDI
Found a short sword.
No target in view!
A giant cockroach comes into view.
Found a murky green potion.
You see here a short sword.
You hit the giant cockroach but do no damage.
The giant cockroach barely misses you.
You slash the giant cockroach!
You kill the giant cockroach!
Trog accepts your kill.
You have reached level 4!
You feel stronger.
Your demonic ancestry asserts itself...
You begin to radiate repulsive energy.
Are you sure you want to abandon this character and quit the game? (Confirm with "yes".)

.. ###.......##### ..#
#...#####.....#
...######.###########.#
.....#.......##.....#.##
.......)...............#
........................
!.#.!.................##
#.....................##
###....@...........<..#
#....†..............##
####................##
##...............##
##............#..#
##.##..#..####..
######### .##..#...# ##.
#.......## ...#.....##
## ##...##..#
##.#.#....# #


There were no monsters in sight!

Vanquished Creatures
  3 adders (D:2)
  A dart slug (D:1)
  A leopard gecko (D:1)
  A ball python (D:1)
  2 giant cockroaches
  3 hobgoblins
  4 jackals (D:1)
  5 kobolds
  4 bats
  2 frilled lizards (D:2)
  5 goblins (D:1)
  5 rats (D:1)
36 creatures vanquished.

Notes
Turn   | Place    | Note
-------+----------+-------------------------------------------
     0 | D:1      | knot the Demonspawn Berserker began the quest for the Orb.
     0 | D:1      | Reached XP level 1. HP: 18/18 MP: 1/1
    27 | D:1      | Reached skill level 3 in Axes
   403 | D:1      | Gained mutation: You regenerate a little health from kills.
                  | [demonic ancestry]
   403 | D:1      | Reached XP level 2. HP: 22/24 MP: 2/2
   918 | D:1      | Reached XP level 3. HP: 28/29 MP: 3/3
  1221 | D:2      | Reached skill level 4 in Axes
  1615 | D:2      | Reached skill level 1 in Throwing
  1653 | D:2      | Reached ** piety under Trog
  1952 | D:2      | Gained mutation: You are surrounded by a mild repulsion
                  | field. (EV +2) [demonic ancestry]
  1952 | D:2      | Reached XP level 4. HP: 35/35 MP: 4/4
  1952 | D:2      | Quit the game

Illustrated notes

Levels and vault maps discovered:
D:1:      lordsloth_arrival_two_stooges, layout_rooms, roderic_roman_lattice,
          chequers_serial_rivers_small_b, st_stairs_14
D:2:      layout_rooms

Skill      XL: |  1  2  3 |
---------------+----------+-----
Axes           | 3 4 |  4.2
Throwing       | 1 |  1.2
Fighting       | |  3.0
Armour         | |  1.7
Dodging        | |  1.7

Action                   |  1- 3 |  4- 6 || total
-------------------------+-------+-------++-------
Melee: Hand axe          |    95 |       ||    95
Throw: Dart              |    13 |       ||    13
Invok: Berserk           |     4 |       ||     4
Armor: Animal skin       |    31 |       ||    31
Dodge: Dodged            |    81 |       ||    81

Table legend: (Time is in decaauts)
 A = Elapsed time spent in this place.
 B = Non-inter-level travel time spent in this place.
 C = Inter-level travel time spent in this place.
 D = Time resting spent in this place.
 E = Time spent auto-exploring this place.
 F = Levels seen in this place.
 G = Mean time per level.
                   A        B        C        D        E       F      G
               +--------+--------+--------+--------+--------+-----+--------+
         Total |   1999 |   1899 |    100 |    656 |   1006 |   2 |  999.5 |
       Dungeon |   1999 |   1899 |    100 |    656 |   1006 |   2 |  999.5 |
               +--------+--------+--------+--------+--------+-----+--------+

Top non-repeatable levels by time:
     D:1: 1391 daAuts
     D:2: 608 daAuts
